 Dungeon Crawl Stone Soup version 0.19.5 (webtiles) character file.

163 Idilia the Conjurer (level 5, 0/31 HPs)
             Began as a High Elf Conjurer on Apr 1, 2017.
             Shot with an arrow by a centaur (12 damage)
             ... on level 3 of the Dungeon.
             The game lasted 00:44:57 (3661 turns).

Idilia the Conjurer (High Elf Conjurer)             Turns: 3661, Time: 00:44:58

Health: 0/31       AC:  3    Str:  7    XL:     5   Next: 20%
Magic:  7/11       EV: 13    Int: 20    God:
Gold:   76         SH:  0    Dex: 15    Spells: 3 memorised, 4 levels left

rFire  . . .     SeeInvis .     v - +2 hand axe (freeze)
rCold  . . .     Gourm    .     n - +0 robe
rNeg   . . .     Faith    .     (no shield)
rPois  .         Spirit   .     (no helmet)
rElec  .         Reflect  .     q - +0 cloak
rCorr  .         Harm     .     (no gloves)
MR     .....                    (no boots)
Stlth  ++........               (no amulet)
                                (no ring)
                                o - ring of flight

@: no status effects
A: no striking features
a: Evoke Flight


You were on level 3 of the Dungeon.
You were not hungry.

You visited 1 branch of the dungeon, and saw 3 of its levels.

You collected 76 gold pieces.

Inventory:

Hand Weapons
 v - a +2 hand axe of freezing (weapon)
Missiles
 g - 37 arrows
 h - 7 tomahawks (quivered)
 r - 78 stones
 u - 25 sling bullets
Armour
 n - a +0 robe (worn)
 q - a +0 cloak (worn)
Jewellery
 o - a ring of flight (left hand)
Scrolls
 a - a scroll of enchant weapon {unknown}
 d - a scroll of enchant armour {unknown}
 e - 3 scrolls of remove curse {unknown}
 f - 6 scrolls of identify {unknown}
 l - a scroll of recharging {unknown}
 m - a scroll of teleportation {unknown}
 p - a scroll of fog {unknown}
 x - a scroll of blinking {unknown}
Potions
 i - a potion of curing {unknown}
 j - a potion of heal wounds {unknown}
 k - a potion of brilliance {unknown}
 s - 3 potions of resistance {unknown}
 t - a potion of agility {unknown}
Books
 b - a book of Conjurations

   Spells                             Type                      Level
   a - Magic Dart                     Conjuration                  1
   b - Searing Ray                    Conjuration                  2
   c - Dazzling Spray                 Conjuration/Hexes            3
   d - Fulminant Prism                Conjuration/Hexes            4
   e - Iskenderun's Mystic Blast      Conjuration                  4
   f - Iskenderun's Battlesphere      Conjuration/Charms           5
Comestibles
 c - 3 bread rations
 w - 4 chunks of flesh


   Skills:
 + Level 0.2 Fighting
   Level 1.2 Short Blades
 + Level 0.1 Axes
 + Level 2.5 Dodging
 + Level 3.1 Stealth
 + Level 3.4 Spellcasting
 + Level 5.9 Conjurations


You had 4 spell levels left.
You knew the following spells:

 Your Spells              Type           Power        Failure   Level  Hunger
a - Magic Dart            Conj           ####         1%          1    None
b - Searing Ray           Conj           ####..       1%          2    ##.....
c - Dazzling Spray        Conj/Hex       ###...       14%         3    ###....


Dungeon Overview and Level Annotations

Branches:
Dungeon (3/15)

Altars:


Message History

The centaur wields a shortbow.
The centaur shoots an arrow.
The arrow completely misses you.
Casting: Searing Ray
Confirm with . or Enter, or press ? or * to list all spells.
Aiming: Searing Ray
Press: ? - help, Shift-Dir - straight line, f - centaur
Aim: a centaur, wielding a shortbow The searing ray hits the centaur.
The centaur is lightly wounded. (Press . to maintain the ray.)
The centaur shoots an arrow.
The arrow completely misses you.
The searing ray hits the centaur.
The centaur is lightly wounded.
The centaur shoots an arrow.
The arrow hits you.
The searing ray hits the centaur.
The centaur is moderately wounded.
The centaur shoots an arrow.
The arrow hits you.
The centaur shoots an arrow.
The arrow hits you!
The centaur shoots an arrow.
The arrow hits you!
You die...

####'## #.# ###
#.# #.. #.# #c#
#.# #.# # #.# #.#
.# #.# #.# #.. #.#
#(# ..
#.########@#.##.##
#..%..............
##########(....###
#........
#....###. #....#
....... ###..###
###### ...


You could see a centaur.

Vanquished Creatures
  A bullfrog (D:3)
  4 adders
  2 oozes (D:2)
  A worm (D:2)
  A dart slug (D:2)
  3 leopard geckos
  2 orcs
  10 bats
  5 giant cockroaches
  5 goblins
  4 hobgoblins
  4 kobolds
  A quokka (D:2)
  4 frilled lizards
  5 rats
52 creatures vanquished.

Notes
Turn   | Place    | Note
-------+----------+-------------------------------------------
     0 | D:1      | Idilia the High Elf Conjurer began the quest for the Orb.
     0 | D:1      | Reached XP level 1. HP: 11/11 MP: 4/4
   509 | D:1      | Reached XP level 2. HP: 17/17 MP: 4/6
  1165 | D:2      | Reached skill level 5 in Conjurations
  1449 | D:2      | Reached XP level 3. HP: 21/21 MP: 3/7
  1490 | D:2      | Learned a level 2 spell: Searing Ray
  1494 | D:2      | Learned a level 3 spell: Dazzling Spray
  1546 | D:2      | Reached skill level 1 in Short Blades
  2310 | D:2      | Reached XP level 4. HP: 27/27 MP: 4/9
  3511 | D:3      | Noticed a bullfrog
  3519 | D:3      | Killed a bullfrog
  3519 | D:3      | Reached XP level 5. HP: 21/31 MP: 3/11
  3654 | D:3      | Noticed a centaur
  3661 | D:3      | Shot with an arrow by a centaur

Skill      XL: |  1  2  3  4 |
---------------+-------------+-----
Conjurations   | 5 |  5.9
Short Blades   | 1 |  1.2
Spellcasting   | 3 |  3.4
Stealth        | 3 |  3.1
Fighting       | |  0.2
Axes           | |  0.1
Dodging        | |  2.5

Action                   |  1- 3 |  4- 6 || total
-------------------------+-------+-------++-------
Melee: Dagger            |    13 |       ||    13
       Spear             |     3 |       ||     3
       Hand axe          |       |     7 ||     7
 Cast: Magic Dart        |    51 |     9 ||    60
       Searing Ray       |     8 |    11 ||    19
       Dazzling Spray    |       |     1 ||     1
  Eat: Chunk             |     5 |       ||     5
       Bread ration      |       |     1 ||     1
Armor: Robe              |    11 |       ||    11
Dodge: Dodged            |    32 |    15 ||    47
